 Dungeon Sprint DCSS version 0.20.1-1-g8b1a95d (webtiles) character file.

1079 wojtek the Basher (level 8, -2/82 HPs)
             Began as a Minotaur Fighter on Jan 1, 2018.
             Killed from afar by an electric eel (13 damage)
             ... with a bolt of electricity
             ... in the Dungeon (Sprint II: "The Violet Keep of Menkaure").
             The game lasted 00:05:47 (929 turns).

wojtek the Basher (Minotaur Fighter)                 Turns: 929, Time: 00:05:47

Health: -2/82      AC:  9    Str: 28    XL:     8   Next: 8%
Magic:  7/7        EV:  8    Int: 13    God:
Gold:   3          SH: 10    Dex:  9    Spells: 7/7 levels left

rFire    . . .     SeeInvis .   m - +2 morningstar (drain)
rCold    . . .     Gourm    .   c - +0 shield
rNeg     . . .     Faith    .   b - +0 scale mail
rPois    +         Spirit   .   (helmet restricted)
rElec    .         Reflect  .   (no cloak)
rCorr    .         Harm     .   (no gloves)
MR       .....     NoTele   +   (no boots)
Stlth    ..........             (no amulet)
Regen    0.3/turn               l - ring of the Heavens {+Fly Str+4 Int+8}
MPRegen  0.1/turn               n - ring of poison resistance

@: no status effects
A: retaliatory headbutt, horns 2
a: Evoke Flight


You were in the Dungeon.
You were not hungry.

You visited 1 branch You collected 972 gold pieces.
You spent 969 gold pieces at shops.

Inventory:

Hand Weapons
 a - a +0 flail
 m - a +2 morningstar of draining (weapon)
Armour
 b - a +0 scale mail (worn)
 c - a +0 shield (worn)
Jewellery
 l - the ring of the Heavens (left hand) {+Fly Str+4 Int+8}
   (You bought it in a shop in the Dungeon)

   [ring of flight]

   It affects your strength (+4).
   It affects your intelligence (+8).
   It lets you fly.
 n - a ring of poison resistance (right hand)
Scrolls
 k - a scroll of blinking
Potions
 d - a potion of might
 e - a potion of curing
 g - a potion of heal wounds
 h - a potion of haste
 i - 2 potions of magic
 j - a potion of berserk rage
Comestibles
 f - a bread ration


   Skills:
 + Level 11.1 Fighting
 * Level 14.4 Maces & Flails
 + Level 11.1 Armour
 - Level 3.6 Shields


You had 7 spell levels left.
You didn't know any spells.

Dungeon Overview and Level Annotations

Branches:
Dungeon (1/1)

Altars:

Shops:
D }[:%[:?!(([!%?==

Annotations:
D exclusion: oklob plant


Innate Abilities, Weirdness & Mutations

You reflexively headbutt those who attack you in melee.
You have a pair of horns on your head.


Message History

The electric eel shoots out a bolt of lightning at you!
The bolt of electricity hits you!
The electric eel shoots out a bolt of lightning at you!
The bolt of electricity hits you!
The electric eel shoots out a bolt of lightning at you!
The bolt of electricity hits you!
The electric eel shoots out a bolt of lightning at you!
The bolt of electricity hits you!
The electric eel shoots out a bolt of lightning at you!
The bolt of electricity hits you!
There is an open door here.
The electric eel shoots out a bolt of lightning at you!
The bolt of electricity hits the electric eel.
The electric eel completely resists.
The bolt of electricity hits you!
The electric eel shoots out a bolt of lightning at you!
The bolt of electricity hits you!
* * * LOW HITPOINT WARNING * * *
The electric eel shoots out a bolt of lightning at you!
The bolt of electricity hits you!
You die...

####+#### ##§§§§§§§##
##≈§§§§§≈§§##
+§§§§§§≈§§≈≈#
###§§§;;;§≈≈ #≈##;;;;;§
##########≈≈#'§§#+++##
#########≈≈≈≈≈..@....#
.......∩#≈≈≈≈≈##'##..#
∩.....∩.#≈≈≈≈###.###.#
.∩...∩.∩#≈≈≈≈#..#..# ..
∩.∩.∩.∩.#≈≈####.#.####..
.∩.∩.∩..#≈##.###'###.##..
..∩.∩...#≈###.##.##...# .
...⌠....'≈'.##'.<.')#.+
........#≈#...##.##...#


You could see 8 electric eels.

Vanquished Creatures
  A merfolk siren (D)
  4 neqoxecs (D)
  Menkaure (D)
  4 worker ants (D)
  3 worms (D)
13 creatures vanquished.

Vanquished Creatures (others)
  A crocodile (D)
1 creature vanquished.

Grand Total: 14 creatures vanquished

Notes
Turn   | Place    | Note
-------+----------+-------------------------------------------
     0 | D        | wojtek the Minotaur Fighter began the quest for the Orb.
     0 | D        | Reached XP level 1. HP: 19/19 MP: 0/0
     1 | D        | Noticed a worker ant
     1 | D        | Noticed a worker ant
     1 | D        | Noticed a worker ant
     1 | D        | Noticed a worker ant
     5 | D        | Killed a worker ant
     5 | D        | Reached skill level 5 in Maces & Flails
     5 | D        | Reached XP level 2. HP: 28/28 MP: 1/1
     9 | D        | Reached skill level 5 in Fighting
     9 | D        | Reached skill level 6 in Maces & Flails
     9 | D        | Reached skill level 5 in Armour
     9 | D        | Reached XP level 3. HP: 30/36 MP: 2/2
    11 | D        | Reached skill level 7 in Maces & Flails
    11 | D        | Reached XP level 4. HP: 37/44 MP: 3/3
    64 | D        | Noticed a merfolk siren
    70 | D        | Killed a merfolk siren
    70 | D        | Reached skill level 12 in Maces & Flails
    70 | D        | Reached XP level 5. HP: 57/57 MP: 4/4
    70 | D        | Reached XP level 6. HP: 64/64 MP: 5/5
    82 | D        | Noticed a neqoxec
    82 | D        | Noticed a neqoxec
    82 | D        | Noticed a neqoxec
    82 | D        | Noticed a neqoxec
    88 | D        | Killed a neqoxec
    88 | D        | Reached XP level 7. HP: 54/71 MP: 6/6
    93 | D        | Killed a neqoxec
    93 | D        | Reached skill level 10 in Fighting
    93 | D        | Reached skill level 13 in Maces & Flails
    93 | D        | Reached skill level 10 in Armour
   105 | D        | Killed a neqoxec
   114 | D        | Killed a neqoxec
   114 | D        | Reached skill level 14 in Maces & Flails
   384 | D        | Found Bezoig's Antique Weapon Emporium.
   384 | D        | Found Ujiev's Distillery.
   384 | D        | Found Qeawkase's Magic Scroll Emporium.
   384 | D        | Found Afrinkyri's Antique Weapon Shoppe.
   384 | D        | Found Wigus's Antique Armour Shoppe.
   385 | D        | Found Atoimur's Distillery.
   385 | D        | Found Zerhess's Jewellery Emporium.
   385 | D        | Found Ungek's Food Shoppe.
   385 | D        | Found Raetanto's Jewellery Shoppe.
   386 | D        | Found Jyitim's Magic Scroll Shoppe.
   386 | D        | Found Ownyuc's Book Emporium.
   386 | D        | Noticed a manticore
   387 | D        | Noticed a manticore
   388 | D        | Found Sacetta's Antique Armour Emporium.
   388 | D        | Found Sureofip's Food Shoppe.
   388 | D        | Noticed Menkaure
   388 | D        | Noticed a manticore
   388 | D        | Noticed an oklob plant
   401 | D        | Killed Menkaure
   401 | D        | Reached XP level 8. HP: 81/82 MP: 7/7
   404 | D        | Found Kulatter's Antique Armour Shoppe.
   404 | D        | Found Eduitil's Book Shoppe.
   404 | D        | Found Beppani's Gadget Emporium.
   408 | D        | Noticed a hippogriff
   408 | D        | Noticed a hippogriff
   410 | D        | Noticed a hippogriff
   445 | D        | Bought the ring of the Heavens {+Fly Str+4 Int+8} for 596 gold pieces
   449 | D        | Bought a glowing morningstar for 133 gold pieces
   453 | D        | Bought an uncursed ring of poison resistance for 240 gold pieces
   929 | D        | Killed from afar by an electric eel

Skill      XL: |  1  2  3  4  5  6  7 |
---------------+----------------------+-----
Fighting       | 4 5 9 11 | 11.1
Maces & Flails | 5 6 7 12 14 | 14.4
Armour         | 4 5 9 11 | 11.1
Shields        | |  3.6

Action                   |  1- 3 |  4- 6 |  7- 9 || total
-------------------------+-------+-------+-------++-------
Melee: Flail             |     7 |    16 |    34 ||    57
       Headbutt          |     2 |     1 |    11 ||    14
Armor: Scale mail        |     5 |     4 |    14 ||    23
Dodge: Dodged            |     2 |     2 |     9 ||    13
Block: Shield            |     2 |     2 |    15 ||    19
